 Dungeon Crawl Stone Soup version 0.27.0-1-g7a08968 (webtiles) character file.

Game seed: 66196366679401461

39 Illumine the Shield-Bearer (level 3, 0/30 HPs)
             Began as a Formicid Fighter on Aug 27, 2021.
             Slain by Sigmund (1 damage)
             ... on level 2 of the Dungeon.
             The game lasted 00:02:30 (1581 turns).

Illumine the Shield-Bearer (Formicid Fighter)       Turns: 1581, Time: 00:02:31

Health: 0/30       AC:  8    Str: 21    XL:     3   Next: 70%
Magic:  3/3        EV:  8    Int:  7    God:
Gold:   96         SH:  9    Dex: 10    Spells: 2/2 levels left

rFire    + . .     SeeInvis +   a - +0 trident
rCold    + . .     Faith    .   c - +0 kite shield
rNeg     . . .     Spirit   .   b - +0 scale mail
rPois    +         Reflect  .   (helmet unavailable)
rElec    +         Harm     .   (no cloak)
rCorr    +         Rampage  .   (no gloves)
Will     .....                  i - +0 pair of boots
Stlth    ..........             (no amulet)
HPRegen  0.10/turn              f - ring of resist corrosion
MPRegen  0.08/turn              (no ring)

@: mighty, resistant
A: permanent stasis, dig shafts and tunnels, antennae 3, four strong arms
a: Dig, Shaft Self


You were on level 2 of the Dungeon.
You visited 1 branch of the dungeon, and saw 2 of its levels.

You collected 96 gold pieces.

Inventory:

Hand Weapons
 a - a +0 trident (weapon)
Armour
 b - a +0 scale mail (worn)
 c - a +0 kite shield (worn)
 i - a +0 pair of boots (worn)
Jewellery
 f - a ring of resist corrosion (left hand)
Scrolls
 e - a scroll of enchant weapon {unknown}
 g - a scroll of fog {unknown}
 j - a scroll of amnesia {unknown}
Potions
 d - a potion of might


   Skills:
 + Level 3.7 Fighting
 * Level 3.0 Polearms
 - Level 3.2 Armour
 + Level 4.1 Shields


You had 2 spell levels left.
You didn't know any spells.
Your spell library contained the following spells:

 Spells                   Type           Power      Damage    Failure   Level
 Beastly Appendage        Tmut           0%         N/A       98%         1
 Wereblood                Tmut           0%         N/A       99%         2
 Dazzling Flash           Conj/Hex       0%         N/A       100%        3
 Spider Form              Tmut/Pois      0%         N/A       100%        3
 Agony                    Necr           0%         N/A       100%        5
 Silence                  Hex/Air        0%         N/A       100%        5


Dungeon Overview and Level Annotations

Branches:
Dungeon (2/15)

Altars:

Annotations:
D:2 Sigmund


Innate Abilities, Weirdness & Mutations

You cannot be hasted, slowed, berserked, paralysed or teleported.
You can dig through walls and to a lower floor.
You have a pair of large antennae on your head. (SInv)
Your four strong arms can wield two-handed weapons with a shield.


Message History

You are too confused!
It was a potion of heal wounds.
You feel much better.
Sigmund hits you from afar with a +1 scythe of pain!
You writhe in agony.
You are too confused!
It was a potion of resistance.
You feel protected. Sigmund barely misses you. Sigmund barely misses you.
You are too confused!
You bump into the rock wall.
Sigmund barely misses you.
You bump into the rock wall.
You feel less confused.
Sigmund hits you from afar with a +1 scythe of pain.
You writhe in agony.
Sigmund hits you with a +1 scythe of pain.
You barely miss Sigmund.
Sigmund is heavily wounded.
Sigmund casts a spell.
Sigmund flickers and vanishes for a moment.
Your shield and scale mail prevent you from hitting Sigmund.
Sigmund is heavily wounded.
Sigmund gestures at you while chanting. The magic dart hits you!
* * * LOW HITPOINT WARNING * * *
You puncture Sigmund!
Sigmund is severely wounded.
Sigmund gestures at you while chanting. You resist with some effort.
Sigmund casts a spell at you. You block the puff of flame.
You barely miss Sigmund.
Sigmund is severely wounded.
Sigmund drinks a potion.
Sigmund is healed!
You puncture Sigmund!
Sigmund is moderately wounded.
Sigmund hits you with a +1 scythe of pain.
* * * LOW HITPOINT WARNING * * *
You writhe in agony.
You die...

#####. #. ## ...
####### #.#
....... .$.
####### #.# # #
..###.# #
#.####.....### #
#...@@.!...... #
######.###### #
#.# # #.# # #.#
#.# #######
#.#########......
#...........#####
#.########..#####


You could see Sigmund (invisible).

Vanquished Creatures
  An adder (D:2)
  2 ball pythons
  3 endoplasms
  A giant cockroach (D:1)
  3 goblins (D:1)
  A hobgoblin (D:1)
  5 jackals (D:1)
  3 bats
  A frilled lizard (D:2)
  4 kobolds
  3 rats (D:1)
27 creatures vanquished.

Notes
Turn   | Place    | Note
-------+----------+-------------------------------------------
     0 | D:1      | Illumine the Formicid Fighter began the quest for the Orb.
     0 | D:1      | Reached XP level 1. HP: 18/18 MP: 1/1
    18 | D:1      | Noticed a komodo dragon
    18 | D:1      | Noticed a servant of whispers
    19 | D:1      | Noticed an ettin
   248 | D:1      | Reached XP level 2. HP: 22/24 MP: 2/2
   836 | D:1      | Reached XP level 3. HP: 27/29 MP: 3/3
   837 | D:1      | Reached skill level 4 in Shields
  1561 | D:2      | Noticed Sigmund
  1581 | D:2      | HP: 1/30 [Sigmund (5)]
  1581 | D:2      | Slain by Sigmund

Illustrated notes

Levels and vault maps discovered:
D:1:      onia_arrival_zoo_common, layout_basic
D:2:      layout_loops_ring, ebering_ecumenical_altar_hall, uniq_sigmund

Skill      XL: |  1  2  3 |
---------------+----------+-----
Shields        | 4 |  4.1
Polearms       | 3 |  3.0
Fighting       | |  3.7
Armour         | |  3.2

Action                   || total
-------------------------++-------
Melee: Trident           ||    87
  Use: Potion            ||     3
Armor: Scale mail        ||    28
Dodge: Dodged            ||    46
Block: Kite shield       ||    39
